[Event "Titled Tuesday Blitz November 07 Late 2023"]
[White "Giroyan, Gary"]
[Black "Petersson, Kjell"]
[WhiteFideId "680281"]
[BlackFideId "1705148"]
[WhiteElo "2666"]
[BlackElo "2149"]
[Result "1-0"]
[Round "2"]
[TimeControl "180+1"]
[Date "2023.11.07"]
[WhiteClock "0:01:20"]
[BlackClock "0:00:05"]
[Board "81"]

1. Nf3 f5 2. d4 Nf6 3. g3 e6 4. Bg2 d5 5. O-O Bd6 6. c4 c6 7. b3 Qe7 8. a4 b6 9. Ba3 Bxa3 10. Nxa3 Nbd7 11. Qc2 O-O 12. Rfb1 dxc4 13. Nxc4 Bb7 14. a5 Nd5 15. Qb2 h6 16. Rc1 N7f6 17. a6 Bc8 18. Nce5 Nb4 19. Nxc6 Nxc6 20. Rxc6 Qd7 21. Ne5 Qe8 22. Rc7 Rb8 23. Rxa7 Nd5 24. Rc1 Qb5 25. Bxd5 Qxd5 26. Rcc7 Bb7 27. Raxb7 Rxb7 28. axb7 Qa5 29. Qc3 Qa7 30. Qc6 Qa1+ 31. Kg2 Qxd4 32. Nf3 Qb4 33. Rc8 Kh7 34. Rxf8 Qxf8 35. Qc8 1-0


[Site "https://www.chess.com"]

[Event "Titled Tuesday Blitz November 07 Late 2023"]
[White "Samarth J Rao"]
[Black "Gubajdullin, Alexei"]
[WhiteFideId "46652370"]
[BlackFideId "4141202"]
[WhiteElo "2084"]
[BlackElo "2664"]
[Result "0-1"]
[Round "2"]
[TimeControl "180+1"]
[Date "2023.11.07"]
[WhiteClock "0:00:51"]
[BlackClock "0:02:07"]
[Board "82"]

1. e4 c6 2. d4 d5 3. Nc3 dxe4 4. Nxe4 Nf6 5. Nxf6+ exf6 6. c3 Bd6 7. Bd3 h5 8. Qc2 a5 9. Ne2 Qc7 10. h3 h4 11. Bd2 Kf8 12. O-O-O b5 13. g4 hxg3 14. Nxg3 Be6 15. h4 a4 16. a3 Bb3 17. Qb1 Bxd1 18. Kxd1 Bxg3 19. fxg3 Qxg3 20. h5 Qf3+ 21. Kc2 Rxh5 22. Rf1 Qd5 23. Bf4 Nd7 0-1


[Site "https://www.chess.com"]

[Event "Titled Tuesday Blitz November 07 Late 2023"]
[White "Lamaze, Simon"]
[Black "Sailer, Mike"]
[WhiteFideId "36069264"]
[BlackFideId "2012901"]
[WhiteElo "2661"]
[BlackElo "2080"]
[Result "1-0"]
[Round "2"]
[TimeControl "180+1"]
[Date "2023.11.07"]
[WhiteClock "0:01:05"]
[BlackClock "0:00:00"]
[Board "83"]

1. e4 d5 2. exd5 Qxd5 3. Nc3 Qd6 4. d4 c6 5. Nf3 Bg4 6. h3 Bxf3 7. Qxf3 Nf6 8. Be3 e6 9. g4 h6 10. O-O-O Nbd7 11. h4 h5 12. g5 Ng4 13. Bf4 Qb4 14. Bh3 O-O-O 15. Bf1 Nb6 16. a3 Qa5 17. Bh3 Nc4 18. Ne4 Rd5 19. Qb3 Nxa3 20. c4 Nxc4 21. Qxc4 Rb5 22. Kc2 Qb6 23. b3 Rb4 24. Qc3 Be7 25. Bxg4 hxg4 26. Bd6 Bxd6 27. Nxd6+ Kb8 28. Nxf7 Rf8 29. g6 e5 30. Qc5 Qc7 31. Qxf8+ 1-0


[Site "https://www.chess.com"]

[Event "Titled Tuesday Blitz November 07 Late 2023"]
[White "Oliveira, Tiago Batista"]
[Black "Domingo Nunez, Ruben"]
[WhiteFideId "2108291"]
[BlackFideId "22245570"]
[WhiteElo "2061"]
[BlackElo "2659"]
[Result "0-1"]
[Round "2"]
[TimeControl "180+1"]
[Date "2023.11.07"]
[WhiteClock "0:00:10"]
[BlackClock "0:01:34"]
[Board "84"]

1. d4 g6 2. c4 Bg7 3. e4 d6 4. Nc3 Nd7 5. Be2 e5 6. Be3 Ngf6 7. Nf3 O-O 8. dxe5 dxe5 9. O-O c6 10. h3 Qe7 11. Qc2 Nh5 12. a3 Nf4 13. b4 Nf6 14. Bc5 Qe6 15. Bxf8 Bxf8 16. Ng5 Qe7 17. h4 h6 18. Nf3 N6h5 19. Rfd1 Qe6 20. g3 Qh3 21. Bf1 Qg4 22. Nh2 Nh3+ 23. Bxh3 Qxh3 24. Rd3 Qe6 25. Nd1 Be7 26. Ne3 Nf6 27. f3 Kg7 28. c5 b6 29. Rad1 Ba6 30. Rd6 Bxd6 31. Rxd6 Qe8 32. Nhg4 Nh5 33. Qc3 f6 34. f4 Nxg3 35. fxe5 Ne2+ 36. Kf2 Nxc3 37. exf6+ Kh8 38. Nxh6 Nxe4+ 0-1


[Site "https://www.chess.com"]

[Event "Titled Tuesday Blitz November 07 Late 2023"]
[White "Elsa167"]
[Black "Roebers, Jan"]
[BlackFideId "1007815"]
[WhiteElo "2973"]
[BlackElo "2070"]
[Result "1-0"]
[Round "2"]
[TimeControl "180+1"]
[Date "2023.11.07"]
[WhiteClock "0:01:54"]
[BlackClock "0:01:41"]
[Board "85"]

1. b3 Nf6 2. Bb2 d6 3. d4 Nc6 4. Nf3 Bg4 5. d5 Bxf3 6. exf3 Ne5 7. f4 Ned7 8. c4 c5 9. dxc6 bxc6 10. g3 g6 11. Bg2 Rc8 12. O-O Bg7 13. Re1 O-O 14. Nc3 Qc7 15. Rxe7 Rfe8 16. Rxe8+ Rxe8 17. Qd2 Nc5 18. Rd1 Nfe4 19. Bxe4 Bxc3 20. Qxc3 f6 21. Qxf6 Ne6 22. Qh8+ 1-0


[Site "https://www.chess.com"]

[Event "Titled Tuesday Blitz November 07 Late 2023"]
[White "JackRodgers"]
[Black "Maksimovic, Bojan"]
[BlackFideId "14408120"]
[WhiteElo "2503"]
[BlackElo "2735"]
[Result "0-1"]
[Round "2"]
[TimeControl "180+1"]
[Date "2023.11.07"]
[WhiteClock "0:00:04"]
[BlackClock "0:00:44"]
[Board "86"]

1. d4 g6 2. h4 Nf6 3. Bg5 d5 4. Bxf6 exf6 5. h5 Bg7 6. h6 Bf8 7. e3 Bd6 8. c4 dxc4 9. Bxc4 O-O 10. Nc3 Nd7 11. Nf3 f5 12. Qb3 c6 13. O-O-O Qe7 14. Rdg1 b5 15. Bd3 Nf6 16. Ng5 Ng4 17. Nh3 Be6 18. Qc2 a5 19. e4 fxe4 20. Nxe4 Rfd8 21. Re1 Bd5 22. f3 Nf6 23. Nc5 Qa7 24. Re2 Bxc5 25. dxc5 Nd7 26. Kb1 Qxc5 27. Qd2 Qd4 28. Rd1 Nc5 29. Bc2 Bxa2+ 30. Kc1 Qxd2+ 31. Rexd2 Rxd2 32. Rxd2 Be6 33. Ng5 a4 34. Rd6 Rc8 35. Be4 Nxe4 36. Nxe4 Kf8 37. g4 Ke7 38. Rd2 f6 39. g5 fxg5 40. Nxg5 Bd5 41. Re2+ Kf6 42. Nxh7+ Kf5 43. Re7 Rh8 44. Kd2 Bg8 45. Ke3 Rxh7 46. Re8 Bf7 47. Rf8 Kf6 48. Kf4 Rxh6 49. Rc8 Rh4+ 50. Kg3 Rh3+ 0-1


[Site "https://www.chess.com"]

[Event "Titled Tuesday Blitz November 07 Late 2023"]
[White "Hilary46"]
[Black "Zakarian, David"]
[BlackFideId "13301276"]
[WhiteElo "2703"]
[BlackElo "2417"]
[Result "1-0"]
[Round "2"]
[TimeControl "180+1"]
[Date "2023.11.07"]
[WhiteClock "0:00:13"]
[BlackClock "0:00:00"]
[Board "87"]

1. e4 c5 2. Nf3 e6 3. d4 cxd4 4. Nxd4 a6 5. Bd3 Nf6 6. O-O d6 7. c4 Qc7 8. Nc3 g6 9. Be2 Bg7 10. Bg5 Nbd7 11. Qd2 O-O 12. Rfd1 Nc5 13. Bf3 Ncd7 14. b3 Ne5 15. Be2 b6 16. Rac1 Bb7 17. f3 Rac8 18. Kh1 Rfd8 19. a4 Qb8 20. Qe3 d5 21. exd5 exd5 22. Bf4 Re8 23. Nxd5 Nxd5 24. cxd5 Rxc1 25. Qxc1 Bxd5 26. Bxa6 Qa8 27. Bb5 Nxf3 28. Nxf3 Bxf3 29. Bxe8 Bxd1 30. Bxf7+ Kxf7 31. Qxd1 Qc6 32. h3 Bf6 33. Qd3 Kg7 34. Qc4 Qd7 35. Qc7 Qxc7 36. Bxc7 Bd4 37. g4 Kf7 38. Kg2 Ke6 39. Kf3 Kd5 40. Kf4 Kc5 41. Kg5 Be3+ 42. Kf6 Bd4+ 43. Kf7 Kb4 44. Kg8 h5 45. Kh7 hxg4 46. hxg4 Kxb3 47. a5 bxa5 48. Bxa5 g5 49. Kg6 Be3 50. Bd8 Kc4 51. Bxg5 Bc5 52. Kf5 Kd5 53. Bh4 Be3 54. Bg3 1-0


[Site "https://www.chess.com"]

[Event "Titled Tuesday Blitz November 07 Late 2023"]
[White "Lamard, Guillaume"]
[Black "Hoffmann, Asa"]
[WhiteFideId "600261"]
[BlackFideId "2001470"]
[WhiteElo "2649"]
[BlackElo "2370"]
[Result "0-1"]
[Round "2"]
[TimeControl "180+1"]
[Date "2023.11.07"]
[WhiteClock "0:00:14"]
[BlackClock "0:00:03"]
[Board "88"]

1. e4 d6 2. d4 Nf6 3. Nc3 c6 4. h3 Qa5 5. Bd3 e5 6. Nf3 Be7 7. Qe2 Nbd7 8. Bd2 Qc7 9. O-O-O b5 10. d5 cxd5 11. Nxb5 Qb8 12. exd5 Nxd5 13. Bc4 N7b6 14. Bb3 Be6 15. Kb1 h6 16. g4 a6 17. Nc3 a5 18. Nxd5 Nxd5 19. Ba4+ Kf8 20. g5 h5 21. g6 Nb4 22. a3 Na6 23. Ng5 Bxg5 24. Bxg5 Nc5 25. Bb5 fxg6 26. f4 Kg8 27. fxe5 dxe5 28. Rhe1 Kh7 29. Qxe5 Qxb5 30. Be3 Rac8 31. Bxc5 Rxc5 32. Qxe6 Rb8 33. b3 a4 34. Re3 Rbc8 35. Rd2 axb3 36. Rxb3 Qf1+ 37. Kb2 Qf5 38. Qxf5 gxf5 39. a4 R8c7 40. Rf2 g5 41. Rb5 g4 42. hxg4 fxg4 43. Rf5 Rxf5 44. Rxf5 Kg6 45. Rb5 h4 46. a5 h3 47. Rb4 Kg5 48. a6 Ra7 49. Rb5+ Kh4 50. Rb6 h2 51. Kb3 g3 52. Kb4 g2 53. Kb5 g1=Q 54. c4 h1=Q 55. Rh6+ Kg5 56. Rh8 Qxh8 57. c5 Qb8+ 58. Kc6 Rxa6+ 59. Kd5 Qd1+ 60. Kc4 Qc7 61. c6 Qxc6+ 62. Kb4 Ra4# 0-1


[Site "https://www.chess.com"]

[Event "Titled Tuesday Blitz November 07 Late 2023"]
[White "Balla, Tamas-Kristof"]
[Black "Wadsworth, Matthew J"]
[WhiteFideId "1208497"]
[BlackFideId "415804"]
[WhiteElo "2339"]
[BlackElo "2624"]
[Result "1-0"]
[Round "2"]
[TimeControl "180+1"]
[Date "2023.11.07"]
[WhiteClock "0:00:08"]
[BlackClock "0:00:01"]
[Board "89"]

1. e4 c5 2. c3 e6 3. d4 d5 4. exd5 Qxd5 5. Nf3 Nf6 6. Be3 cxd4 7. cxd4 Nc6 8. Nc3 Qd8 9. Bd3 Be7 10. O-O O-O 11. Qe2 b6 12. a3 Bb7 13. Rad1 Rc8 14. Bb1 Re8 15. Rfe1 Nd5 16. Ne4 g6 17. Ne5 Nxe3 18. Qxe3 Qc7 19. Ng4 Qd8 20. Qh6 f5 21. Ba2 Nxd4 22. Bxe6+ Nxe6 23. Rxd8 Rexd8 24. Ngf6+ Bxf6 25. Nxf6+ Kf7 26. Nxh7 Re8 27. Rxe6 Kxe6 28. Qxg6+ Ke5 29. h3 Be4 30. Ng5 Rg8 31. Qh5 Rc1+ 32. Kh2 Rc2 33. f3 Bd5 34. Qh7 Kf6 35. h4 Rcc8 36. Qh6+ Rg6 37. Qh7 Rcg8 38. Qd7 Ba2 39. Qd6+ Kg7 40. Qe7+ Kh8 41. Qh7# 1-0


[Site "https://www.chess.com"]

[Event "Titled Tuesday Blitz November 07 Late 2023"]
[White "Biernacki, Mark"]
[Black "Roberson, Peter T"]
[WhiteFideId "2082322"]
[BlackFideId "412384"]
[WhiteElo "2322"]
[BlackElo "2583"]
[Result "0-1"]
[Round "2"]
[TimeControl "180+1"]
[Date "2023.11.07"]
[WhiteClock "0:00:06"]
[BlackClock "0:00:33"]
[Board "90"]

1. e4 c5 2. Nc3 d6 3. d4 cxd4 4. Qxd4 Nc6 5. Qd2 b6 6. b3 Bb7 7. Bb2 Qd7 8. O-O-O O-O-O 9. Kb1 Nf6 10. f3 Kb8 11. g4 h6 12. h4 e6 13. Nge2 d5 14. Bg2 d4 15. Nb5 e5 16. f4 Nxg4 17. fxe5 Nf2 18. e6 Qxe6 19. Qf4+ Qe5 20. Qxf2 Qxb5 21. Nxd4 Nxd4 22. Bxd4 Bc5 23. Bxc5 Qxc5 24. Qxf7 Qe5 25. Rhf1 a5 26. Qf5 Rxd1+ 27. Rxd1 Qxf5 28. exf5 Bxg2 29. Rg1 Be4 30. Rxg7 Bxf5 31. Rf7 Bg4 32. Rf6 Kb7 33. c4 h5 34. Kb2 Re8 35. Ka3 Re2 36. Rf7+ Ka6 37. Rf6 Rc2 38. Rc6 Kb7 39. Rf6 Rh2 40. Rf7+ Kc6 41. Rf6+ Kc5 42. Rg6 Rxh4 43. Ka4 Bd7+ 44. Ka3 Rh2 45. Rh6 h4 46. Rh7 Kc6 47. Rh6+ Kc7 48. Rh7 h3 49. Rh5 Rg2 50. c5 bxc5 51. Rxc5+ Kb6 52. Rh5 h2 53. Rh6+ Bc6 54. b4 Rg3+ 55. Kb2 h1=Q 56. Rxh1 Bxh1 57. bxa5+ Kxa5 0-1


[Site "https://www.chess.com"]

[Event "Titled Tuesday Blitz November 07 Late 2023"]
[White "Kopacz, Grzegorz"]
[Black "Xiong, Jeffery"]
[WhiteFideId "1109880"]
[BlackFideId "2047640"]
[WhiteElo "2224"]
[BlackElo "3014"]
[Result "0-1"]
[Round "2"]
[TimeControl "180+1"]
[Date "2023.11.07"]
[WhiteClock "0:00:00"]
[BlackClock "0:00:56"]
[Board "91"]

1. c4 g6 2. Nc3 Bg7 3. g3 Nc6 4. Bg2 d6 5. e3 Bd7 6. Nge2 Qc8 7. h4 e5 8. d4 Nf6 9. b3 O-O 10. Bb2 Rb8 11. dxe5 dxe5 12. Nd5 Re8 13. Nxf6+ Bxf6 14. Nc3 Bg7 15. Nd5 b5 16. cxb5 Rxb5 17. Rc1 h5 18. O-O Re6 19. Qe2 Rb7 20. Rfd1 Be8 21. Bh3 f5 22. Bg2 Kh7 23. Qc4 a5 24. Nc3 Rb4 25. Qe2 Ne7 26. Nd5 Nxd5 27. Rxd5 a4 28. Rdc5 c6 29. Bc3 Rb5 30. Rxb5 cxb5 31. Bb2 Qa6 32. Rc7 axb3 33. axb3 Qd6 34. Qc2 Re7 35. Rxe7 Qxe7 36. Qc3 b4 37. Qc4 Bf7 38. Qc2 Qe6 39. Qc5 Qxb3 40. Bxe5 Bxe5 41. Qxe5 Qc3 42. Qe7 Kg7 43. Bd5 Qf6 44. Qc7 Kg8 45. Bxf7+ Qxf7 46. Qb8+ Qf8 47. Qxb4 Qxb4 0-1


[Site "https://www.chess.com"]

[Event "Titled Tuesday Blitz November 07 Late 2023"]
[White "Lalanne, Pablo"]
[Black "Yeletsky, Ivan"]
[WhiteFideId "112151"]
[BlackFideId "24180327"]
[WhiteElo "2399"]
[BlackElo "2932"]
[Result "0-1"]
[Round "2"]
[TimeControl "180+1"]
[Date "2023.11.07"]
[WhiteClock "0:00:58"]
[BlackClock "0:01:00"]
[Board "92"]

1. e4 Nf6 2. e5 Nd5 3. d4 d6 4. Nf3 dxe5 5. Nxe5 g6 6. Bc4 Bg7 7. Nxf7 Kxf7 8. Qf3+ Ke8 9. Qxd5 Qxd5 10. Bxd5 c6 11. Bb3 Bxd4 12. c3 Bf6 13. O-O Nd7 14. Re1 Nc5 15. Bc2 Bf5 16. Na3 Bxc2 17. Nxc2 Nd3 18. Rd1 Rd8 19. Rb1 Kf7 20. Be3 Nxb2 21. Rxd8 Rxd8 22. Bxa7 Bxc3 23. Ne3 b5 24. g3 Rd2 25. Rc1 b4 26. a3 Nd3 27. Rc2 Rxc2 28. Nxc2 b3 0-1


[Site "https://www.chess.com"]

[Event "Titled Tuesday Blitz November 07 Late 2023"]
[White "Gerbelli Neto, Eduardo"]
[Black "Indjic, Aleksandar"]
[WhiteFideId "2103281"]
[BlackFideId "911925"]
[WhiteElo "2389"]
[BlackElo "2917"]
[Result "0-1"]
[Round "2"]
[TimeControl "180+1"]
[Date "2023.11.07"]
[WhiteClock "0:00:02"]
[BlackClock "0:01:06"]
[Board "93"]

1. e4 c5 2. Nc3 e6 3. f4 d5 4. Nf3 Nc6 5. Bb5 Ne7 6. exd5 exd5 7. Qe2 f6 8. Bxc6+ bxc6 9. O-O Kf7 10. b3 h5 11. Qf2 Nf5 12. d3 Bd6 13. Na4 d4 14. Nb2 Be6 15. Bd2 Qd7 16. Rae1 g6 17. Nh4 Bd5 18. Nc4 Bc7 19. c3 Rag8 20. cxd4 cxd4 21. Bb4 Re8 22. Nxf5 gxf5 23. Qxd4 Rhg8 24. g3 h4 25. Kf2 hxg3+ 26. hxg3 Rh8 27. Rxe8 Qxe8 28. Ne3 Rh2+ 29. Ke1 Rxa2 30. Rf2 Bb6 31. Bc5 Bxc5 32. Qxc5 Ra1+ 33. Kd2 Kg6 34. Re2 Qe6 35. Qc3 Ra2+ 36. Kd1 Bf3 0-1


[Site "https://www.chess.com"]

[Event "Titled Tuesday Blitz November 07 Late 2023"]
[White "Grigoriants, Sergey"]
[Black "Oglaza, Oskar"]
[WhiteFideId "4130804"]
[BlackFideId "1194402"]
[WhiteElo "2915"]
[BlackElo "2388"]
[Result "1/2-1/2"]
[Round "2"]
[TimeControl "180+1"]
[Date "2023.11.07"]
[WhiteClock "0:00:43"]
[BlackClock "0:00:17"]
[Board "94"]

1. d4 Nf6 2. c4 g6 3. f3 d5 4. cxd5 Nxd5 5. e4 Nb6 6. Nc3 Bg7 7. Be3 O-O 8. Qd2 c6 9. h4 e5 10. Nge2 Nc4 11. Qc1 Nxe3 12. Qxe3 exd4 13. Qf4 dxc3 14. Nxc3 Qa5 15. Rc1 h5 16. Bc4 Qc5 17. Bb3 Be5 18. Qg5 Bxc3+ 19. Rxc3 Qxg5 20. hxg5 Rd8 21. f4 Be6 22. Bxe6 fxe6 23. f5 exf5 24. exf5 Nd7 25. fxg6 Re8+ 26. Kd1 Ne5 27. Rxh5 Nxg6 28. Rh6 Kg7 29. Rch3 Rad8+ 30. Kc2 Rh8 31. Rb3 b6 32. Ra3 Rd7 33. Rah3 Rxh6 34. gxh6+ Kh7 35. g4 Ne5 36. g5 Kg6 37. Re3 Kf5 38. b4 c5 39. bxc5 bxc5 40. Kc3 Ng4 41. Rh3 Kg6 42. h7 Rxh7 43. Rxh7 Kxh7 44. Kc4 Kg6 45. Kxc5 Ne5 46. Kb5 Kxg5 47. Ka6 Nc6 48. Kb7 Nb4 49. Kxa7 Nxa2 1/2-1/2


[Site "https://www.chess.com"]

[Event "Titled Tuesday Blitz November 07 Late 2023"]
[White "Eggleston, Thomas A"]
[Black "Nyzhnyk, Illya"]
[WhiteFideId "412139"]
[BlackFideId "14118084"]
[WhiteElo "2371"]
[BlackElo "2873"]
[Result "0-1"]
[Round "2"]
[TimeControl "180+1"]
[Date "2023.11.07"]
[WhiteClock "0:00:00"]
[BlackClock "0:02:08"]
[Board "95"]

1. e4 c5 2. Nf3 d6 3. Bc4 Nc6 4. O-O Nf6 5. Re1 g6 6. d3 Bg7 7. c3 O-O 8. Bb3 Bg4 9. h3 Bxf3 10. Qxf3 Nd7 11. Qd1 b5 12. Be3 e6 13. d4 Na5 14. Bc2 Nc4 15. Bc1 Rc8 16. b3 Na5 17. Bb2 Qc7 18. Re2 Nc6 19. d5 exd5 20. exd5 Na5 21. Qc1 Rfe8 22. Bd1 Rxe2 23. Bxe2 Re8 24. Bf1 c4 25. b4 Nb7 26. Nd2 Nb6 27. Nf3 Nxd5 28. a4 a6 29. axb5 axb5 30. Ra6 Nb6 31. h4 Ra8 32. Qa1 Rxa6 33. Qxa6 Qc6 34. Nd4 Bxd4 35. cxd4 Nd8 36. g3 Nd5 37. Qa5 Ne6 38. Bg2 Kg7 39. Qa3 Nec7 40. Bc3 Qe8 41. Qc1 Qe2 42. Bd2 Nf6 43. Bh6+ Kg8 44. Qa1 Ng4 45. Qa7 Nxh6 46. Qxc7 Ng4 47. Qd8+ Kg7 48. Qd7 Qxf2+ 0-1


[Site "https://www.chess.com"]

[Event "Titled Tuesday Blitz November 07 Late 2023"]
[White "Skaric, Djuro"]
[Black "Glavina, Pablo"]
[WhiteFideId "934569"]
[BlackFideId "100234"]
[WhiteElo "2370"]
[BlackElo "2764"]
[Result "0-1"]
[Round "2"]
[TimeControl "180+1"]
[Date "2023.11.07"]
[WhiteClock "0:01:33"]
[BlackClock "0:01:22"]
[Board "96"]

1. g3 b6 2. Bg2 Nc6 3. d3 Bb7 4. Nc3 Nf6 5. e4 e6 6. f4 d5 7. e5 Nd7 8. Nf3 Be7 9. h4 O-O 10. O-O a5 11. Ne2 a4 12. a3 b5 13. c3 Na5 14. Kh2 c5 15. Kh3 Nb3 16. Rb1 b4 17. Be3 Ba6 18. g4 bxa3 19. bxa3 Nb6 20. g5 d4 21. cxd4 Nd5 22. Bc1 cxd4 23. Ng3 Nc3 24. Qc2 Nxb1 25. Qxb1 Rc8 26. Bb2 Bb7 27. Rf2 Qa5 28. Ne4 Bxe4 29. dxe4 Rfd8 30. f5 d3 31. f6 Bc5 32. Rf1 Nd2 33. Nxd2 Qxd2 34. fxg7 Qe3+ 35. Rf3 Qe2 36. Bc3 Rb8 37. Bb4 Bxb4 38. axb4 d2 39. Qc2 d1=Q 40. Qc7 Qxf3+ 0-1


[Site "https://www.chess.com"]

[Event "Titled Tuesday Blitz November 07 Late 2023"]
[White "Dwilewicz, Katarzyna"]
[Black "Csonka, Balazs"]
[WhiteFideId "1148486"]
[BlackFideId "742910"]
[WhiteElo "2369"]
[BlackElo "2733"]
[Result "0-1"]
[Round "2"]
[TimeControl "180+1"]
[Date "2023.11.07"]
[WhiteClock "0:00:08"]
[BlackClock "0:00:09"]
[Board "97"]

1. e4 e5 2. Nf3 Nf6 3. Nc3 Nc6 4. d4 exd4 5. Nxd4 Nxe4 6. Nxe4 Qe7 7. Nxc6 Qxe4+ 8. Be2 dxc6 9. O-O Be6 10. Bf3 Qe5 11. Re1 Qf6 12. Bg4 Bc5 13. Be3 Bxe3 14. Rxe3 O-O 15. Bxe6 fxe6 16. Qe2 Qxb2 17. Re1 Qxa2 18. Rxe6 a5 19. Re7 Rf7 20. h4 a4 21. Qg4 Raf8 22. R1e6 Qxc2 23. Rxf7 Kxf7 24. Re3 Kg8 25. Re7 Qxf2+ 26. Kh1 Qf1+ 27. Kh2 Qf4+ 28. Qxf4 Rxf4 29. Rxc7 Rb4 30. g4 a3 31. Rc8+ Kf7 32. Ra8 Rb3 33. g5 Kg6 34. Ra5 Kh5 35. Ra4 b5 0-1


[Site "https://www.chess.com"]

[Event "Titled Tuesday Blitz November 07 Late 2023"]
[White "Lacey, Patrick"]
[Black "Priasmoro, Novendra"]
[WhiteFideId "2032007"]
[BlackFideId "7105029"]
[WhiteElo "2361"]
[BlackElo "2694"]
[Result "0-1"]
[Round "2"]
[TimeControl "180+1"]
[Date "2023.11.07"]
[WhiteClock "0:00:05"]
[BlackClock "0:00:59"]
[Board "99"]

1. Nf3 Nf6 2. c4 g6 3. g3 Bg7 4. Bg2 O-O 5. O-O d6 6. Nc3 e5 7. d3 Nh5 8. Rb1 f5 9. Bg5 Qe8 10. Nd5 Rf7 11. Qc1 c6 12. Nc3 f4 13. Ne4 Qf8 14. c5 d5 15. Nd6 Rc7 16. d4 h6 17. Bh4 e4 18. Ne5 g5 19. gxf4 gxh4 20. e3 h3 21. Bxe4 Bxe5 22. dxe5 Rg7+ 23. Kh1 dxe4 24. Qc4+ Kh8 25. Qxe4 Be6 26. Qf3 Bg4 27. Qe4 Be6 28. Qf3 Nxf4 29. Qxf4 Qxf4 30. exf4 Bd5+ 31. f3 Nd7 32. b4 Rf8 0-1


[Site "https://www.chess.com"]

[Event "Titled Tuesday Blitz November 07 Late 2023"]
[White "Bashylina, Luisa"]
[Black "Akobian, Varuzhan"]
[WhiteFideId "12983292"]
[BlackFideId "13300580"]
[WhiteElo "2359"]
[BlackElo "2691"]
[Result "1-0"]
[Round "2"]
[TimeControl "180+1"]
[Date "2023.11.07"]
[WhiteClock "0:02:19"]
[BlackClock "0:00:00"]
[Board "100"]

1. d4 e6 2. c4 f5 3. g3 Nf6 4. Bg2 d5 5. e3 c6 6. Ne2 Bd6 7. O-O O-O 8. c5 Bc7 9. b4 a6 10. Bb2 Qe7 11. a4 Bd7 12. Nd2 Be8 13. Nf3 Nbd7 14. b5 axb5 15. axb5 Bh5 16. b6 Rxa1 17. Bxa1 Bb8 18. Nf4 Bxf3 19. Bxf3 Ne4 20. Qc2 Ndf6 21. Bb2 e5 22. dxe5 Bxe5 23. Bd4 1-0


[Site "https://www.chess.com"]

[Event "Titled Tuesday Blitz November 07 Late 2023"]
[White "Mladenovic, Stefan"]
[Black "Becerra, Juan David"]
[WhiteFideId "942227"]
[BlackFideId "4404998"]
[WhiteElo "2686"]
[BlackElo "2356"]
[Result "1-0"]
[Round "2"]
[TimeControl "180+1"]
[Date "2023.11.07"]
[WhiteClock "0:02:56"]
[BlackClock "0:00:55"]
[Board "101"]

1. d4 e6 2. Nf3 d5 3. Bf4 Nf6 4. e3 Nbd7 5. Bd3 b6 6. Nbd2 c5 7. c3 cxd4 8. exd4 Be7 9. Qe2 O-O 10. O-O a5 11. Ne5 Re8 12. Nc6 1-0


[Site "https://www.chess.com"]

[Event "Titled Tuesday Blitz November 07 Late 2023"]
[White "Papasimakopoulos, Alexandros"]
[Black "Martinez, Shawn"]
[WhiteFideId "4244125"]
[BlackFideId "2039770"]
[WhiteElo "2676"]
[BlackElo "2353"]
[Result "1-0"]
[Round "2"]
[TimeControl "180+1"]
[Date "2023.11.07"]
[WhiteClock "0:02:08"]
[BlackClock "0:00:00"]
[Board "102"]

1. d4 g6 2. c4 Bg7 3. e4 a6 4. Nf3 b6 5. Nc3 Bb7 6. Bd3 h6 7. Bf4 e6 8. Qd2 g5 9. Be3 d6 10. h4 g4 11. Nh2 h5 12. f3 Qxh4+ 13. Ke2 Qg3 14. Rag1 Bh6 15. Nf1 gxf3+ 16. gxf3 Qxg1 17. Rxg1 Bxe3 18. Qxe3 Ne7 19. Qg5 Nd7 20. Qg7 Rf8 21. Qg5 Rh8 22. Ng3 h4 23. Nh5 Ng6 24. Nf6+ Kd8 25. Nxd7+ Kxd7 26. Qf6 Raf8 27. f4 h3 28. Rh1 c5 29. d5 e5 30. fxe5 Nxe5 31. Nd1 Kc7 32. Ne3 Bc8 33. Qe7+ Bd7 34. Nf5 Rh6 35. Nxh6 1-0


[Site "https://www.chess.com"]

[Event "Titled Tuesday Blitz November 07 Late 2023"]
[White "Flameboard08"]
[Black "Kujawski, Adam"]
[BlackFideId "1100920"]
[WhiteElo "2615"]
[BlackElo "2353"]
[Result "0-1"]
[Round "2"]
[TimeControl "180+1"]
[Date "2023.11.07"]
[WhiteClock "0:00:00"]
[BlackClock "0:00:15"]
[Board "103"]

1. f4 d5 2. Nf3 g6 3. g3 Bg7 4. Bg2 Nf6 5. O-O b6 6. d3 Bb7 7. Nbd2 O-O 8. c3 c5 9. Re1 d4 10. e4 dxe3 11. Nc4 Ng4 12. Nxe3 Nxe3 13. Bxe3 Nd7 14. h3 Nf6 15. Qe2 Qc7 16. Bf2 Rfe8 17. Rad1 Rad8 18. d4 c4 19. Ne5 Bxg2 20. Kxg2 b5 21. g4 Nd5 22. Bg3 f6 23. Nf3 Nxf4+ 24. Bxf4 Qxf4 25. Qe6+ Kh8 26. Re4 Qd6 27. Rde1 Qxe6 28. Rxe6 Bf8 29. Ra6 Ra8 30. g5 Kg7 31. a4 bxa4 32. gxf6+ exf6 33. Rxe8 Rxe8 34. Rxa7+ Re7 35. Rxa4 Re2+ 36. Kf1 Rxb2 37. Rxc4 h5 38. Rc7+ Kh6 39. Rf7 Bg7 40. c4 g5 41. c5 g4 42. hxg4 hxg4 43. Nh4 Kg5 44. Ng2 Kg6 45. Re7 Rc2 46. Nf4+ Kf5 47. Ng2 Bh6 48. Rh7 Bg5 49. Rc7 g3 50. d5 Rf2+ 51. Kg1 Rd2 52. Kf1 Rxd5 53. c6 Rc5 54. Rc8 Bf4 55. Nh4+ Kg4 56. Ng2 Bg5 0-1


[Site "https://www.chess.com"]

[Event "Titled Tuesday Blitz November 07 Late 2023"]
[White "Golubev, Mikhail"]
[Black "Marcziter, Dmitrii"]
[WhiteFideId "14100983"]
[BlackFideId "13900765"]
[WhiteElo "2609"]
[BlackElo "2347"]
[Result "1-0"]
[Round "2"]
[TimeControl "180+1"]
[Date "2023.11.07"]
[WhiteClock "0:00:16"]
[BlackClock "0:00:06"]
[Board "104"]

1. e4 e5 2. Nf3 Nc6 3. Bc4 Bc5 4. c3 Nf6 5. d4 exd4 6. cxd4 Bb4+ 7. Nbd2 d5 8. exd5 Nxd5 9. O-O O-O 10. a3 Be7 11. Re1 Be6 12. Ba2 h6 13. h3 Re8 14. Ne4 Qd7 15. Nc5 Bxc5 16. dxc5 Rad8 17. Bd2 Nf6 18. Bxe6 Rxe6 19. Rxe6 Qxe6 20. Qc2 Qd5 21. Re1 a6 22. b4 Nd4 23. Nxd4 Qxd4 24. Bc3 Qc4 25. Qb2 Ne8 26. Be5 f6 27. Bg3 Qf7 28. Qc2 c6 29. Qe4 f5 30. Qe5 Qf6 31. Qe3 Qf7 32. Qe7 Rc8 33. Bd6 Nf6 34. Qxf7+ Kxf7 35. Re7+ Kg6 36. Rxb7 Ne4 37. Rb6 Nxd6 38. cxd6 Kf7 39. d7 Ra8 40. Rxa6 Rd8 41. Ra7 Ke6 42. f3 Rxd7 43. Rxd7 Kxd7 44. Kf2 Kd6 45. Ke3 Kd5 46. Kd3 g5 47. a4 h5 48. a5 Kd6 49. Kd4 f4 50. a6 Kc7 51. Kc5 Kd7 52. Kb6 Kd6 53. a7 Kd5 54. a8=Q Kc4 55. Qxc6+ Kxb4 56. Qc5+ 1-0


[Site "https://www.chess.com"]

[Event "Titled Tuesday Blitz November 07 Late 2023"]
[White "Jarocka, Liwia"]
[Black "Kokoszczynski, Jan"]
[WhiteFideId "21807558"]
[BlackFideId "1174460"]
[WhiteElo "2347"]
[BlackElo "2600"]
[Result "0-1"]
[Round "2"]
[TimeControl "180+1"]
[Date "2023.11.07"]
[WhiteClock "0:00:19"]
[BlackClock "0:00:22"]
[Board "105"]

1. d3 d6 2. d4 d5 3. c4 e6 4. Nc3 Nf6 5. Nf3 Bb4 6. cxd5 exd5 7. Bg5 h6 8. Bxf6 Qxf6 9. e3 c6 10. Bd3 O-O 11. O-O Bg4 12. Be2 Bd6 13. h3 Bf5 14. a3 Nd7 15. Rc1 Rae8 16. Bd3 Bxd3 17. Qxd3 Qe7 18. Rfe1 Nf6 19. b4 a6 20. Nd2 Bb8 21. Nf1 Qd6 22. Na4 Re7 23. Nc5 Rfe8 24. Qb3 Ne4 25. Nxe4 Rxe4 26. Qc3 f5 27. Qc5 Qg6 28. Kh1 f4 29. Qc3 Qf5 30. exf4 Bxf4 31. Rxe4 Qxe4 32. Rd1 Qe2 33. Qf3 Qxf3 34. gxf3 Re2 35. Kg2 Ra2 36. Rd3 Kf7 37. Ne3 g6 38. h4 h5 39. Nf1 Kf6 40. Ng3 Bc1 41. f4 Rxa3 42. Rd1 Bxf4 43. Ne2 Bd6 44. f4 Rb3 0-1


[Site "https://www.chess.com"]